 Dungeon Crawl Stone Soup version 0.28-a0-445-g51f8dfeb47 (webtiles) character file.

Game seed: 1423188537111253360

110070 MacCMillion the Impaler (level 16, -38/136 HPs)
             Began as a Merfolk Fighter on Sept 12, 2021.
             Was the Champion of Hepliaklqana.
             Killed from afar by Aizul (49 damage)
             ... with a poison arrow
             ... on level 1 of the Snake Pit on Sept 13, 2021.
             The game lasted 02:09:40 (25747 turns).

MacCMillion the Impaler (Merfolk Fighter)          Turns: 25747, Time: 02:09:41

Health: -38/136    AC: 13    Str: 17    XL:     16   Next: 54%
Magic:  20/20      EV: 19    Int: 12    God:    Hepliaklqana [******]
Gold:   1784       SH:  7    Dex: 21    Spells: 12/21 levels left

rFire   + . .      SeeInvis +   s - +6 trident (venom)
rCold   . . .      Faith    .   k - +1 buckler
rNeg    . . .      Spirit   .   q - +0 scale mail "Rateptopo" {rF+}
rPois   .          Reflect  .   a - +2 hat {SInv}
rElec   .          Harm     .   N - +0 cloak of the Northern Lights {Will+ rCorr Int+4}
rCorr   +          Rampage  .   d - +2 pair of gloves
Will    +++..                   (no boots)
Stlth   ..........              x - amulet "Idiunarph" {RegenMP Regen+}
HPRegen 1.32/turn               o - +6 ring of dexterity
MPRegen 0.42/turn               D - ring of willpower

@: lethally poisoned (-38 -> -67), slowed, very slow
A: reduced essence, (nimble swimmer 2), mertail, dopey 2, robust 1
a: Renounce Religion, Recall Ancestor, Ancestor Identity, Transference, Idealise


You were on level 1 of the Snake Pit.
You worshipped Hepliaklqana.
Hepliaklqana was exalted by your worship.
You visited 4 branches of the dungeon, and saw 24 of its levels.
You also visited: Bailey and Gauntlet.

You collected 3007 gold pieces.
You spent 1223 gold pieces at shops.

Inventory:

Hand Weapons
 s - a +6 trident of venom (weapon)
 y - the +1 short sword of Nuonnism {vorpal, rC+ rN+ Will- Str+2}
   (You found it in a bailey)

   It inflicts extra damage upon your enemies.
   Str:       It affects your strength (+2).
   rC:        It protects you from cold.
   rN:        It protects you from negative energy.
   Will:      It decreases your willpower.
Armour
 a - a +2 hat of see invisible (worn)
 d - a +2 pair of gloves (worn)
 k - a +1 buckler (worn)
 q - the +0 scale mail "Rateptopo" (worn) {rF+}
   (You bought it in a shop on level 7 of the Dungeon)

   rF:        It protects you from fire.
 N - the +0 cloak of the Northern Lights (worn) {Will+ rCorr Int+4}
   (You found it in a Gauntlet)

   Int:       It affects your intelligence (+4).
   rCorr:     It protects you from acid and corrosion.
   Will:      It increases your willpower.
Jewellery
 m - an amulet of the acrobat
 o - a +6 ring of dexterity (left hand)
 t - a +6 ring of intelligence
 x - the amulet "Idiunarph" (around neck) {RegenMP Regen+}
   (You found it in a bailey)

   [amulet of magic regeneration]

   It increases your rate of magic regeneration.
   Regen:     It increases your rate of health regeneration.
 A - a ring of poison resistance
 D - a ring of willpower (right hand)
 Q - an amulet of reflection
 S - a ring of positive energy
 U - a ring of protection from fire
 Y - a ring of ice
Wands
 b - a wand of flame (16)
 i - a wand of acid (5)
 R - a wand of mindburst (3)
 V - a wand of iceblast (21)
 Z - a wand of digging (11)
Scrolls
 c - 5 scrolls of blinking
 e - 2 scrolls of identify
 f - 4 scrolls of enchant armour
 g - 2 scrolls of summoning
 h - 5 scrolls of amnesia
 j - 8 scrolls of immolation
 r - 3 scrolls of vulnerability
 G - 3 scrolls of enchant weapon
 H - 2 scrolls of fear
 K - 7 scrolls of teleportation
 M - a scroll of brand weapon
 P - 2 scrolls of fog
Potions
 l - 3 potions of mutation
 p - a potion of cancellation
 u - 2 potions of berserk rage
 v - a potion of attraction {unknown}
 w - 2 potions of ambrosia
 z - 9 potions of curing
 B - 4 potions of flight
 E - 3 potions of haste
 J - 4 potions of magic
 L - 5 potions of lignification
 O - 4 potions of heal wounds
 T - 2 potions of invisibility
 W - 7 potions of might
Miscellaneous
 C - a phial of floods


   Skills:
 - Level 15.0 Fighting
 - Level 7.6 Short Blades
 - Level 15.1 Polearms
 - Level 5.0 Armour
 - Level 15.0 Dodging
 - Level 4.0 Shields
 - Level 3.0 Spellcasting
 + Level 10.3 Summonings
 + Level 0.9 Transmutations
 + Level 0.3 Fire Magic
 - Level 2.0 Air Magic
 - Level 14.3 Poison Magic
 - Level 5.0 Evocations


You had 12 spell levels left.
You knew the following spells:

 Your Spells              Type           Power      Damage    Failure   Level
a - Poisonous Vapours     Pois/Air       42%        N/A       4%          2
b - Olgreb's Toxic Radia  Pois           36%        N/A       1%          4
c - Ignite Poison         Fire/Tmut/Pois 14%        N/A       26%         3

Your spell library contained the following spells:

 Spells                   Type           Power      Damage    Failure   Level
 Summon Small Mammal      Summ           100%       N/A       1%          1
 Sting                    Tmut/Pois      80%        1d7       3%          1
 Call Canine Familiar     Summ           26%        N/A       3%          3
 Summon Guardian Golem    Hex/Summ       14%        N/A       26%         3
 Summon Lightning Spire   Summ/Air       16%        N/A       52%         4
 Animate Skeleton         Necr           2%         N/A       58%         1
 Apportation              Tloc           2%         N/A       58%         1
 Sandblast                Erth           2%         2d4       58%         1
 Summon Ice Beast         Ice/Summ       14%        N/A       65%         4
 Passwall                 Tmut/Erth      1%         N/A       67%         2
 Ensorcelled Hibernation  Hex/Ice        2%         N/A       75%         2
 Slow                     Hex            1%         N/A       75%         2
 Sublimation of Blood     Necr           0%         N/A       75%         2
 Conjure Flame            Conj/Fire      2%         6-21      91%         3
 Confusing Touch          Hex            1%         N/A       92%         3
 Frozen Ramparts          Ice            2%         1d2       92%         3
 Gell's Gravitas          Tloc           0%         N/A       92%         3
 Lesser Beckoning         Tloc           1%         N/A       92%         3
 Stone Arrow              Conj/Erth      2%         3d7       92%         3
 Teleport Other           Tloc           1%         N/A       92%         3
 Tukima's Dance           Hex            1%         N/A       92%         3
 Vampiric Draining        Necr           0%         2d6       92%         3
 Petrify                  Tmut/Erth      2%         N/A       99%         4
 Cause Fear               Hex            0%         N/A       100%        4
 Dispel Undead            Necr           1%         3d6       100%        4
 Passage of Golubria      Tloc           N/A        N/A       100%        4
 Sticky Flame             Conj/Fire      2%         2d3       100%        4
 Irradiate                Conj/Tmut      1%         3d14      100%        5
 Yara's Violent Unravell  Hex/Tmut       1%         3d3       100%        5
 Simulacrum               Ice/Necr       0%         N/A       100%        6
 Dragon Form              Tmut           2%         N/A       100%        7
 Chain Lightning          Conj/Air       2%         3d2       100%        9
 Dragon's Call            Summ           13%        N/A       100%        9
 Fire Storm               Conj/Fire      1%         7d1       100%        9
 Shatter                  Erth           0%         3d5*      100%        9


Dungeon Overview and Level Annotations

Branches:
Dungeon (15/15)            Temple (0/1) D:7            Lair (6/6) D:8
  Swamp (0/4) Lair:4        Snake (1/4) Lair:3        Slime (0/5) Lair:5
    Orc (2/2) D:12            Elf (0/3) Orc:2        Vaults (0/5) D:14
 Depths (0/5) D:15         Bailey (visited)         Gauntlet (visited)

Altars:
Elyvilon
Hepliaklqana
Okawaru
Xom
Yredelemnul
Beogh

Shops:
D:7 ?[   D:15 :   Orc:2 ([*((

Annotations:
Lair:2 3 runed translucent doors, WhatIsLove's ghost, journeyman TrMo
Lair:4 2 exclusions
Snake:1 Aizul
Orc:2 3 runed translucent doors, TZer0's ghost, journeyman VSBe


Innate Abilities, Weirdness & Mutations

Your life essence is reduced to manifest your ancestor. (-10% HP)
((You are quick and stealthy near water. (Stealth+, EV+, Speed+++)))
Your lower body shifts to a powerful aquatic tail in water.
You are very dopey. (Int -4)
You are robust. (+10% HP)


Message History

You feel sick.
Aizul the Neglectful Guardian comes into view.
The naga mage points at the naga sharpshooter and mumbles some strange words.
The naga sharpshooter seems to grow toxic.
The naga warrior spits poison at you. The splash of poison hits you!
You are more poisoned.
You feel better. The naga mage spits poison at you.
The splash of poison hits you!
You are poisoned.
Friðuswiþ casts a spell at the naga mage.
The bolt of magma hits the naga mage!!
The naga mage dies!
You feel sick.
A naga comes into view. It is wielding a +0 short sword.
You feel sick.
The naga shouts!
Aizul coils herself and waves her upper body at you.
The poison arrow hits you!!
You are more poisoned.
* * * LOW HITPOINT WARNING * * *
There is a staircase back to the Lair here.
You feel very sick. Aizul casts a spell at you.
You fall asleep.
The naga sharpshooter spits poison at you.
The splash of poison hits you.
You are more poisoned.
You have difficulty breathing.
You wake up.
* * * LOW HITPOINT WARNING * * *
You feel yourself slow down.
* * * LOW HITPOINT WARNING * * *
Ancestor HP restored.
Friðuswiþ gestures at Aizul while chanting.
The bolt of magma hits Aizul!!!
Aizul casts a spell at you. The poison arrow hits you!!!
You are more poisoned.
You die...

....... .......
N...... ..N....
..(....###### ...
.....N#..$..# ...
......N.....## ....
......S@.)...# .....
.........R...###.....
...####.......#......
. ##..[..........
#......)......
#............#
##............
###........#.
###.....##


You could see the friendly Friðuswiþ the battlemage, Aizul (ally target), a naga
warrior, a naga sharpshooter (curare, catching breath) and 2 nagas.

Vanquished Creatures
  An orc warlord (Orc:2)
  A stone giant (D:15)
  A minotaur (Gauntlet)
  A dire elephant (Lair:6)
  An ettin (Orc:2)
  A vault guard (D:14)
  8 hydras
  5 boulder beetles
  2 catoblepae
  3 centaur warriors
  3 two-headed ogres
  11 death yaks
  2 tengu warriors (D:15)
  A deep troll shaman (Lair:6)
  An orc high priest (Orc:2)
  2 skeletal warriors (D:14)
  A deep elf pyromancer (D:15)
  5 orc knights
  A wizard (D:14)
  2 orc sorcerers (Orc:2)
  6 ugly things
  2 wolf spiders
  An elephant (Lair:6)
  A manticore (D:11)
  A cyclops (Orc:1)
  9 black mambas
  A gargoyle (D:8)
  A guardian serpent (Lair:3)
  A torpor snail (Lair:5)
  8 cane toads
  A kobold demonologist (D:13)
  9 komodo dragons
  A rime drake (Lair:6)
  An unseen horror (D:12)
  A yaktaur (D:13)
  An efreet (D:15)
  A troll (D:12)
  A hornet (D:9)
  2 meliai (Gauntlet)
  2 polar bears (Lair:6)
  3 dream sheep (Lair:5)
  13 blink frogs
  A redback (Gauntlet)
  21 yaks
  A shadow (D:11)
  A vampire (D:9)
  8 humans (D:14)
  3 basilisks
  4 wyverns
  A steam dragon (D:9)
  3 vampire mosquitoes (D:12)
  3 wargs
  2 swamp worms (Gauntlet)
  2 acid dragons
  9 water moccasins
  18 orc warriors
  An ice beast (D:6)
  2 black bears
  A swamp drake (D:12)
  A sky beast (D:7)
  3 ogres
  A necrophage (D:6)
  11 centaurs
  7 wolves
  A phantom (D:4)
  2 kobold brigands
  5 bullfrogs
  A gnoll sergeant (D:6)
  A scorpion (D:5)
  2 killer bees (D:9)
  3 electric eels
  3 centaur zombies
  2 howler monkeys (D:12)
  3 jellies
  A centaur skeleton (D:7)
  10 orc priests
  A hound (D:4)
  A bullfrog skeleton (D:5)
  A gnoll shaman (D:8)
  2 iguanas
  11 orc wizards
  4 hell rats (Lair:1)
  3 adders
  5 gnolls
  A shadow imp (D:7)
  A white imp (D:6)
  3 dart slugs
  46 orcs
  10 endoplasms
  4 giant cockroaches
  8 goblins
  7 hobgoblins
  2 jackals (D:1)
  2 quokkas (D:1)
  5 ball pythons
  5 bats
  21 kobolds
  5 rats
406 creatures vanquished.

Vanquished Creatures (collateral kills)
  Gastronok (Lair:1)
  A great orb of eyes (D:13)
  2 boulder beetles
  3 hydras
  Erolcha (D:9)
  A catoblepas (Lair:6)
  A vault guard (D:14)
  2 two-headed ogres
  5 death yaks
  3 centaur warriors
  2 orc high priests (Orc:2)
  2 skeletal warriors (D:14)
  Sonja (D:13)
  A naga sharpshooter (Snake:1)
  2 wizards (D:14)
  3 ugly things
  3 orc knights
  2 orc sorcerers
  2 cyclopes (D:15)
  A manticore (D:14)
  An elephant (Lair:6)
  Joseph (D:7)
  3 black mambas
  A moth of wrath (Gauntlet)
  A centaur zombie (D:10)
  A naga mage (Snake:1)
  A torpor snail (Lair:5)
  6 cane toads
  A kobold demonologist (D:13)
  4 efreet
  5 komodo dragons
  4 yaktaurs (D:13)
  A meliai (Gauntlet)
  A polar bear (Lair:4)
  2 trolls
  12 blink frogs
  A hornet (D:10)
  A dream sheep (Lair:5)
  A redback (Gauntlet)
  2 wraiths
  17 yaks
  5 wyverns
  11 humans (D:14)
  3 basilisks
  A vampire mosquito (D:12)
  A swamp worm (Gauntlet)
  A warg (Orc:2)
  5 water moccasins
  7 orc warriors
  A black bear (D:5)
  4 wolves
  An ogre (Orc:2)
  A necrophage (D:5)
  6 centaurs
  A phantom (D:5)
  3 kobold brigands
  6 bullfrogs
  3 scorpions
  3 killer bees (D:9)
  4 wights (D:6)
  3 howler monkeys
  6 orc priests
  An iguana (D:4)
  7 orc wizards
  A hell rat (Lair:1)
  An adder (D:3)
  5 gnolls
  An ufetubus (D:5)
  2 worms (D:5)
  18 orcs
  3 ball pythons
  An endoplasm (D:2)
  A goblin (D:7)
  2 quokkas
  A bat (D:3)
  3 frilled lizards
  4 kobolds
  A rat (D:3)
234 creatures vanquished.

Vanquished Creatures (others)
  29 battlemagi
  14 demonic plants (Gauntlet)
  30 fungi
  83 plants
156 creatures vanquished.

Grand Total: 796 creatures vanquished

Notes
Turn   | Place    | Note
-------+----------+-------------------------------------------
     0 | D:1      | MacCMillion the Merfolk Fighter began the quest for the
                  | Orb.
     0 | D:1      | Reached XP level 1. HP: 18/18 MP: 1/1
   134 | D:1      | Reached XP level 2. HP: 24/24 MP: 2/2
   434 | D:1      | Found a faded altar of an unknown god.
   442 | D:1      | Became a worshipper of Hepliaklqana the Forgotten
   442 | D:1      | Reached * piety under Hepliaklqana
   518 | D:1      | Reached XP level 3. HP: 26/26 MP: 3/3
  1293 | D:2      | Reached XP level 4. HP: 31/31 MP: 4/4
  1328 | D:2      | Found a shimmering altar of Xom.
  1709 | D:3      | Reached skill level 5 in Polearms
  1844 | D:3      | Reached ** piety under Hepliaklqana
  1869 | D:3      | Remembered your ancestor Friðuswiþ as a battlemage
  2013 | D:3      | Reached skill level 1 in Dodging
  2182 | D:4      | Reached XP level 5. HP: 37/37 MP: 5/5
  2887 | D:4      | Noticed a phantom
  2897 | D:4      | Killed a phantom
  2898 | D:4      | Reached skill level 1 in Short Blades
  2898 | D:4      | Reached XP level 6. HP: 43/43 MP: 6/6
  2901 | D:4      | Learned a level 2 spell: Poisonous Vapours
  3136 | D:4      | Noticed an orc warrior
  3147 | D:4      | Killed an orc warrior
  3148 | D:4      | Reached skill level 1 in Poison Magic
  3148 | D:4      | Reached XP level 7. HP: 30/49 MP: 7/7
  3270 | D:4      | Reached *** piety under Hepliaklqana
  3546 | D:5      | Entered Level 5 of the Dungeon
  3576 | D:5      | Reached skill level 1 in Air Magic
  3755 | D:5      | Gained mutation: You are dopey. (Int -2) [potion of
                  | mutation]
  3755 | D:5      | Gained mutation: You are robust. (+10% HP) [potion of
                  | mutation]
  3755 | D:5      | Gained mutation: You are very dopey. (Int -4) [potion of
                  | mutation]
  3755 | D:5      | Gained mutation: You are agile. (Dex +2) [potion of
                  | mutation]
  4241 | D:5      | Reached XP level 8. HP: 57/61 MP: 8/8
  4505 | D:5      | Reached skill level 5 in Fighting
  4666 | D:5      | Reached skill level 5 in Short Blades
  5163 | D:6      | Reached skill level 5 in Dodging
  5202 | D:6      | Reached **** piety under Hepliaklqana
  5663 | D:6      | Reached XP level 9. HP: 53/68 MP: 9/9
  6104 | D:7      | Found Burereh's Antique Armour Emporium.
  6109 | D:7      | Bought a fine scale mail for 216 gold pieces
  6109 | D:7      | Identified the +0 scale mail "Rateptopo" {rF+} (You bought
                  | it in a shop on level 7 of the Dungeon)
  6216 | D:7      | Reached skill level 5 in Poison Magic
  6482 | D:7      | Noticed Joseph
  6505 | D:7      | Killed Joseph
  6555 | D:7      | Found a white marble altar of Elyvilon.
  6619 | D:7      | Found a basalt altar of Yredelemnul.
  6653 | D:7      | Found a flagged portal.
  6660 | D:7      | Reached ***** piety under Hepliaklqana
  6662 | Bailey   | Entered a bailey
  6934 | Bailey   | Noticed an orc knight
  6961 | Bailey   | Killed an orc knight
  7073 | Bailey   | Found a bloodstained altar of Trog.
  7085 | Bailey   | Identified the amulet "Idiunarph" {RegenMP Regen+}
  7096 | Bailey   | Identified the +1 short sword of Nuonnism {vorpal, rC+ rN+
                  | Will- Str+2}
  7168 | D:7      | Reached XP level 10. HP: 74/74 MP: 10/10
  7273 | D:7      | Found a staircase to the Ecumenical Temple.
  7486 | D:7      | Found Feulucza's Magic Scroll Shop.
  7489 | D:7      | Bought a scroll of identify for 20 gold pieces
  7489 | D:7      | Bought a scroll of identify for 20 gold pieces
  7489 | D:7      | Bought a scroll of identify for 20 gold pieces
  7667 | D:8      | Noticed a gargoyle
  8080 | D:8      | Found a staircase to the Lair.
  8270 | D:8      | Killed a gargoyle
  8419 | D:9      | Noticed Erolcha
  8427 | D:9      | Killed Erolcha
  8773 | D:9      | Noticed a two-headed ogre
  8778 | D:9      | Killed a two-headed ogre
  8779 | D:9      | Reached skill level 15 in Polearms
  8779 | D:9      | Reached XP level 11. HP: 79/79 MP: 11/11
  9111 | D:10     | Entered Level 10 of the Dungeon
  9779 | D:10     | Reached ****** piety under Hepliaklqana
 10226 | Lair:1   | Entered Level 1 of the Lair of Beasts
 10255 | Lair:1   | Noticed Gastronok
 10273 | Lair:1   | Killed Gastronok
 10490 | Lair:1   | Identified the +5 dire flail of Compound Interest {vorpal,
                  | rCorr SInv}
 11254 | Lair:2   | Reached XP level 12. HP: 85/92 MP: 16/16
 11348 | Lair:2   | Noticed an eight-headed hydra
 11356 | Lair:2   | Killed an eight-headed hydra
 11505 | Lair:2   | Found a runed translucent gate.
 11505 | Lair:2   | Found a runed translucent gate.
 11505 | Lair:2   | Found a runed translucent gate.
 11509 | Lair:2   | Noticed a minotaur
 11577 | Lair:2   | Noticed a seven-headed hydra
 11585 | Lair:2   | Reached skill level 10 in Dodging
 11607 | Lair:2   | Killed a seven-headed hydra
 11869 | Lair:2   | Noticed WhatIsLove's ghost (journeyman TrMo)
 12117 | Lair:3   | Reached skill level 10 in Fighting
 12587 | Lair:3   | Noticed a death yak
 12588 | Lair:3   | Noticed a death yak
 12588 | Lair:3   | Noticed a death yak
 12592 | Lair:3   | Noticed a death yak
 12596 | Lair:3   | Noticed a death yak
 12639 | Lair:3   | Killed a death yak
 12650 | Lair:3   | Killed a death yak
 12657 | Lair:3   | Killed a death yak
 12658 | Lair:3   | Reached skill level 1 in Evocations
 12683 | Lair:3   | Killed a death yak
 12684 | Lair:3   | Reached XP level 13. HP: 104/104 MP: 17/17
 12866 | Lair:3   | Reached skill level 10 in Poison Magic
 12940 | Lair:3   | Found a staircase to the Snake Pit.
 13360 | Lair:4   | Found a staircase to the Swamp.
 14323 | Lair:4   | Reached skill level 5 in Armour
 15009 | Lair:5   | Found a staircase to the Slime Pits.
 15055 | Lair:5   | Learned a level 4 spell: Olgreb's Toxic Radiance
 15178 | Lair:5   | Reached XP level 14. HP: 91/115 MP: 18/18
 15421 | Lair:5   | Got Boru's Handbook of the Glacier and Enchantment
 15790 | Lair:6   | Entered Level 6 of the Lair of Beasts
 17105 | Lair:6   | Noticed a dire elephant
 17274 | Lair:6   | Killed a dire elephant
 17275 | Lair:6   | Reached skill level 1 in Summonings
 17312 | Lair:6   | Identified the +5 great mace of Forgiveness {vorpal, rPois
                  | rF- Str+4}
 18125 | D:11     | Reached XP level 15. HP: 107/125 MP: 19/19
 18556 | D:12     | Reached skill level 15 in Dodging
 19193 | D:12     | Found a staircase to the Orcish Mines.
 19687 | Orc:1    | Entered Level 1 of the Orcish Mines
 19768 | Orc:2    | Entered Level 2 of the Orcish Mines
 19872 | Orc:2    | Found a staircase to the Elven Halls.
 19880 | Orc:2    | Found Puczip's Weapon Shoppe.
 20596 | Orc:2    | Lost mutation: You are agile. (Dex +2) [a neqoxec]
 20760 | Orc:2    | Found Keov Ase's Weapon Shop.
 20760 | Orc:2    | Found Qasontupo's Antique Armour Shoppe.
 20765 | Orc:2    | Found Anoirghufoi's Assorted Antiques.
 20765 | Orc:2    | Found Ciliugau's Weapon Shoppe.
 20773 | Orc:2    | Bought a scroll of identify for 60 gold pieces
 20981 | Orc:2    | Found a runed translucent gate.
 20981 | Orc:2    | Found a runed translucent gate.
 20981 | Orc:2    | Found a runed translucent gate.
 20981 | Orc:2    | Noticed an orc warlord
 20982 | Orc:2    | Found an iron altar of Okawaru.
 20982 | Orc:2    | Noticed TZer0's ghost (journeyman VSBe)
 20982 | Orc:2    | Found the +5 demon whip "Spellbinder" {antimagic, Will+}
 21170 | Orc:2    | Noticed an orc warlord
 21185 | Orc:2    | Killed an orc warlord
 21319 | Orc:2    | Bought a jewelled ring mail for 216 gold pieces
 21319 | Orc:2    | Identified the +4 ring mail "Yskac" {Harm rF+ Dex-5 SInv}
                  | (You bought it in a shop on level 2 of the Orcish Mines)
 21322 | Orc:2    | Bought a fuming yellow potion for 27 gold pieces
 21322 | Orc:2    | Bought a shiny emerald ring for 150 gold pieces
 21516 | D:13     | Found a gate leading to a gauntlet.
 21525 | Gauntlet | Entered a Gauntlet
 21525 | Gauntlet | Found a transporter.
 21525 | Gauntlet | Found a transporter.
 21529 | Gauntlet | Found a transporter.
 21529 | Gauntlet | Found a transporter.
 21538 | Gauntlet | Found a transporter.
 21559 | Gauntlet | Found a transporter.
 21559 | Gauntlet | Found a large runed translucent door.
 21560 | Gauntlet | Found a large runed translucent door.
 21562 | Gauntlet | Found a transporter.
 21562 | Gauntlet | Found a large runed translucent door.
 21563 | Gauntlet | Found a runed translucent gate.
 21563 | Gauntlet | Found a large runed translucent door.
 21564 | Gauntlet | Found a transporter.
 21564 | Gauntlet | Found a runed translucent gate.
 21564 | Gauntlet | Found a transporter.
 21564 | Gauntlet | Found a large runed translucent door.
 21564 | Gauntlet | Found a large runed translucent door.
 21564 | Gauntlet | Found a runed translucent door.
 21565 | Gauntlet | Found a runed translucent gate.
 21565 | Gauntlet | Found a runed translucent door.
 21565 | Gauntlet | Found a large runed translucent door.
 21566 | Gauntlet | Found a large runed translucent door.
 21568 | Gauntlet | Found a transporter.
 21573 | Gauntlet | Found a large runed translucent door.
 21573 | Gauntlet | Found a large runed translucent door.
 21574 | Gauntlet | Found a large runed translucent door.
 21575 | Gauntlet | Found a large runed translucent door.
 21602 | Gauntlet | Found a transporter.
 21620 | Gauntlet | Found a transporter.
 21660 | Gauntlet | Found a transporter.
 21674 | Gauntlet | Found a transporter.
 21690 | Gauntlet | Found a large runed translucent door.
 21690 | Gauntlet | Found a large runed translucent door.
 21691 | Gauntlet | Found a large runed translucent door.
 21692 | Gauntlet | Found a large runed translucent door.
 21777 | Gauntlet | Found a transporter.
 21795 | Gauntlet | Found a transporter.
 22031 | Gauntlet | Identified the +0 cloak of the Northern Lights {Will+ rCorr
                  | Int+4}
 22106 | Gauntlet | Reached skill level 5 in Summonings
 22146 | Gauntlet | Identified the +6 hunting sling of Veawka {freeze, rC+
                  | rCorr Stlth+}
 22227 | Gauntlet | Got Mor Oroc's Collected Works on Creative Stolen Souls
 22318 | D:13     | Reached skill level 5 in Evocations
 22660 | D:13     | Noticed Sonja
 22675 | D:13     | Killed Sonja
 23409 | D:14     | Reached XP level 16. HP: 45/134 MP: 20/20
 23568 | D:14     | Reached skill level 15 in Fighting
 23758 | D:14     | Found a gate to the Vaults.
 24148 | D:15     | Entered Level 15 of the Dungeon
 24371 | D:15     | Found Opoig's Book Boutique.
 24681 | D:15     | Identified the +1 ring mail "Myqodghie" {Int+6 Slay-6}
 24894 | D:15     | Reached skill level 10 in Summonings
 24954 | D:15     | Found a staircase to the Depths.
 25498 | D:15     | Bought an Everburning Encyclopedia for 494 gold pieces
 25502 | D:15     | Learned a level 3 spell: Ignite Poison
 25727 | Snake:1  | Entered Level 1 of the Snake Pit
 25743 | Snake:1  | Noticed Aizul
 25747 | Snake:1  | Killed from afar by Aizul

Illustrated notes

Levels and vault maps discovered:
D:1:      heliophobic_arrival_enchanted_forest, layout_basic,
          shapermc_ecumenical_altar_gd, minmay_statues_item, minmay_tetromino_s4
D:2:      layout_basic, basic_altar
D:3:      layout_rooms
D:4:      layout_basic, minmay_cupped
D:5:      layout_basic
D:6:      layout_gridville
D:7:      layout_basic, kennysheep_ying_yang, minmay_temple_entry_butterflies,
          enter_bailey_5, serial_shops, nicolae_stop_n_shop_2,
          kennysheep_mini_moat, david_defended_altar_orc, uniq_joseph
D:8:      layout_rooms, david_lair_shrubbed
D:9:      layout_loops_ring, uniq_erolcha
D:10:     layout_gridville
D:11:     layout_roguey, minmay_between
D:12:     layout_basic, erik_orc_1
D:13:     layout_small_grid, gauntlet_entry_generic, grunt_ministairs_1,
          minmay_misc_feat_four_crosses, uniq_sonja
D:14:     layout_irregular_city, grunt_vaults_entry_tiered, serial_park_gazebo
          [serial_park_minivault_5x5_5]
D:15:     grunt_enter_depths_snipers, layout_gridville,
          minmay_misc_feat_encased, serial_shops, shop
Lair:1:   layout_long_grid, uniq_gastronok
Lair:2:   layout_concentric_octagons, maelrawn_ghost_gauntlet_escape,
          serial_bayou_shore_b, serial_bayou_shore_a, lemuel_fruit_tree
Lair:3:   layout_roguey, minmay_snake_entry_spellcaster, grunt_megastairs_3
Lair:4:   layout_regular_city, minmay_swamp_entry_eels
Lair:5:   nzn_winding_woodlands_large [nzn_winding_woodlands_hourglass,
          nzn_winding_woodlands_5x15_river_crossing,
          nzn_winding_woodlands_5x5_closed_star,
          nzn_winding_woodlands_center_triple_pond,
          nzn_winding_woodlands_15x15_five_gardens,
          nzn_winding_woodlands_center_pierced_h,
          nzn_winding_woodlands_5x5_default,
          nzn_winding_woodlands_5x15_concentric,
          nzn_winding_woodlands_5x5_default], layout_gridlike,
          dpeg_slime_entry_corner
Lair:6:   grunt_lair_end_beastmaster, layout_cave_pods,
          infiniplex_staircase_pool, grunt_megastairs_4
Snake:1:  layout_onion, portal_ice_cave_entry_ice_statue_two,
          grunt_ministairs_1, uniq_aizul
Orc:1:    layout_caves, basic_altar
Orc:2:    grunt_orc_tribal_feast, layout_caves, gammafunk_ghost_fury_of_okawaru,
          serial_shops, shop, minmay_orc_barracks

Skill      XL: |  1  2  3  4  5  6  7  8  9 10 11 12 13 14 15 16 |
---------------+-------------------------------------------------+-----
Polearms       | 4 5 11 15 | 15.1
Shields        | 4 |  4.0
Dodging        | 1 2 3 4 5 8 11 13 14 15 | 15.0
Fighting       | 4 5 8 10 12 13 14 15 | 15.0
Short Blades   | 1 2 4 7 |  7.6
Poison Magic   | 1 2 4 6 8 9 11 13 14 | 14.3
Armour         | 3 4 5 |  5.0
Air Magic      | 1 2 |  2.0
Spellcasting   | 3 |  3.0
Evocations     | 1 3 5 |  5.0
Summonings     | 1 6 10 | 10.3
Transmutations | |  0.9
Fire Magic     | |  0.3

Action                   |  1- 3 |  4- 6 |  7- 9 | 10-12 | 13-15 | 16-18 || total
-------------------------+-------+-------+-------+-------+-------+-------++-------
Melee: Trident           |   119 |    79 |   110 |   396 |  1036 |   211 ||  1951
       Dagger            |       |    12 |       |       |       |       ||    12
       Short sword       |       |     1 |    55 |       |       |       ||    56
       Tailslap          |       |       |       |       |     6 |     2 ||     8
Throw: Boomerang         |       |       |       |     1 |       |       ||     1
 Cast: Poisonous Vapours |       |       |       |       |     3 |       ||     3
       Olgreb's Toxic Ra |       |       |       |       |    48 |    10 ||    58
Invok: Ancestor Life: Ba |       |     1 |       |       |       |       ||     1
       Recall Ancestor   |       |       |     1 |       |       |       ||     1
Evoke: Wand              |       |       |       |       |     9 |     2 ||    11
  Use: Scroll            |     1 |       |     3 |     8 |    12 |       ||    24
       Potion            |       |     1 |     2 |     2 |       |     1 ||     6
 Stab: Distracted        |       |     1 |     3 |     6 |    17 |     6 ||    33
Armor: Scale mail        |    40 |    11 |    48 |    47 |   132 |    27 ||   305
Dodge: Dodged            |    33 |    18 |    40 |   107 |   428 |   107 ||   733
Block: Buckler           |    21 |    10 |    24 |    76 |   187 |    45 ||   363

Table legend: (Time is in decaauts)
 A = Elapsed time spent in this place.
 B = Non-inter-level travel time spent in this place.
 C = Inter-level travel time spent in this place.
 D = Time resting spent in this place.
 E = Time spent auto-exploring this place.
 F = Levels seen in this place.
 G = Mean time per level.
                   A        B        C        D        E       F      G
               +--------+--------+--------+--------+--------+-----+--------+
         Total |  25044 |  23094 |   1950 |   2216 |  15665 |  26 |  963.2 |
       Dungeon |  14817 |  13629 |   1188 |   1327 |   9774 |  15 |  987.8 |
          Lair |   7373 |   6705 |    668 |    519 |   4436 |   6 | 1228.8 |
     Snake Pit |     17 |     17 |      0 |      0 |      0 |   1 |   17.0 |
  Orcish Mines |   1597 |   1503 |     94 |     55 |   1037 |   2 |  798.5 |
        Bailey |    480 |    480 |      0 |    194 |     70 |   1 |  480.0 |
      Gauntlet |    759 |    759 |      0 |    121 |    348 |   1 |  759.0 |
               +--------+--------+--------+--------+--------+-----+--------+

Top non-repeatable levels by time:
  Lair:6: 1700 daAuts
     D:4: 1403 daAuts
  Lair:4: 1355 daAuts
  Lair:5: 1342 daAuts
    D:12: 1318 daAuts
     D:7: 1177 daAuts
     D:6: 1167 daAuts
  Lair:2: 1114 daAuts
    D:14: 1105 daAuts
   Orc:2: 1077 daAuts
     D:1: 1009 daAuts
    D:10: 990 daAuts
     D:5: 968 daAuts
  Lair:3: 945 daAuts
  Lair:1: 914 daAuts
